 Dungeon Crawl Stone Soup version 0.28.0-53-g5a82cb258f (webtiles) character file.

Game seed: 8913444992361135367

56 Peloso the Covered (level 3, 0/33 HPs)
             Began as a Minotaur Fighter on May 28, 2022.
             Killed from afar by an orc wizard (7 damage)
             ... with a puff of flame
             ... on level 3 of the Dungeon.
             The game lasted 00:02:06 (1784 turns).

Peloso the Covered (Minotaur Fighter)               Turns: 1784, Time: 00:02:06

Health: 0/33       AC:  7    Str: 18 (20) XL:     3   Next: 69%
Magic:  2/2        EV:  9    Int:  3 (5)  God:
Gold:   101        SH:  4    Dex:  8 (11) Spells: 2/2 levels left

rFire   . . .      SeeInvis .   a - +0 long sword
rCold   . . .      Faith    .   c - +0 buckler
rNeg    . . .      Spirit   .   b - +0 scale mail
rPois   .          Reflect  .   (helmet restricted)
rElec   .          Harm     .   (no cloak)
rCorr   .          Rampage  .   (no gloves)
Will    .....                   (no boots)
Stlth   ..........              (no amulet)
HPRegen 0.11/turn               (no ring)
MPRegen 0.08/turn               (no ring)

@: brilliant, hasted, very quick
A: horns 2, retaliatory headbutt
a: no special abilities


You were on level 3 of the Dungeon.
You visited 1 branch of the dungeon, and saw 3 of its levels.

You collected 101 gold pieces.

Inventory:

Hand Weapons
 a - a +0 long sword (weapon)
Armour
 b - a +0 scale mail (worn)
 c - a +0 buckler (worn)
 e - +0 steam dragon scales
Scrolls
 f - 2 scrolls of teleportation {unknown}
 i - a scroll of identify {unknown}
Potions
 d - a potion of might
 k - a potion of curing {unknown}


   Skills:
 + Level 4.2 Fighting
 + Level 2.6 Long Blades
 + Level 4.5 Armour
 + Level 0.4 Dodging
 + Level 4.1 Shields


You had 2 spell levels left.
You didn't know any spells.
Your spell library contained the following spells:

 Spells                   Type           Power      Damage    Failure   Level
 Dazzling Flash           Conj/Hex       0%         N/A       100%        3
 Agony                    Necr           0%         N/A       100%        5
 Silence                  Hex/Air        0%         N/A       100%        5


Dungeon Overview and Level Annotations

Branches:
Dungeon (3/15)

Altars:

Annotations:
D:2 1 runed translucent door, Crazy Yiuf


Innate Abilities, Weirdness & Mutations

You have a pair of horns on your head.
You reflexively headbutt those who attack you in melee.


Message History

The orc wizard flickers and vanishes!
Deactivating autopickup; reactivate with Ctrl-A.
Unknown command.
You closely miss something. You block the orc's attack.
Something hits you but does no damage.
Unknown command.
You closely miss something. You headbutt something.
The orc hits you with a +0 flail. Something hits you. Something freezes you.
The orc closely misses you. Something hits you but does no damage.
Unknown command.
You hit something. The orc barely misses you. You furiously retaliate!
You headbutt the orc. Something hits you. Something freezes you.
You hit something. Your headbutt misses something.
The orc hits you with a +0 flail! Something hits you. Something freezes you.
You hit something. The orc hits you but does no damage.
You hear some strange, mumbled words.
A magic dart appears from out of thin air!
The magic dart hits you but does no damage.
Unknown command.
Something hits you but does no damage.
You hear some strange, mumbled words.
A puff of flame appears from out of thin air!
The puff of flame hits you.
* * * LOW HITPOINT WARNING * * *
You slash the orc!
You kill the orc!
You hear some strange, mumbled words.
A puff of flame appears from out of thin air!
You block the puff of flame.
Unknown command.
It was a potion of brilliance.
You feel clever all of a sudden.
It was a potion of haste.
You feel yourself speed up.
It was a potion of degeneration.
There was something very wrong with that liquid.
You feel weakened.
You feel dopey.
You feel clumsy.
You hear some strange, mumbled words.
A puff of flame appears from out of thin air!
The puff of flame hits you!
You die...

.##.# .##.# ....#
.#### .# ######## .#
#......# .# #.####.#
.######.####.#######
.........#....†.@{o#
#.#####..#.#.#####o#
#.# #..#.#.# #.# #.#
#......# #o. #.#
######## #### #.#
#.# #..


You could see 2 orcs.

Vanquished Creatures
  An adder (D:3)
  2 dart slugs
  2 orcs
  3 bats
  2 endoplasms
  4 giant cockroaches
  3 hobgoblins
  3 jackals (D:1)
  A quokka (D:2)
  A ball python (D:2)
  2 frilled lizards (D:1)
  7 goblins
  4 kobolds
  2 rats (D:2)
37 creatures vanquished.

Notes
Turn   | Place    | Note
-------+----------+-------------------------------------------
     0 | D:1      | Peloso the Minotaur Fighter began the quest for the Orb.
     0 | D:1      | Reached XP level 1. HP: 19/19 MP: 0/0
   191 | D:1      | Reached XP level 2. HP: 27/27 MP: 1/1
   373 | D:1      | Found a faded altar of an unknown god.
   967 | D:2      | Reached XP level 3. HP: 33/33 MP: 2/2
  1172 | D:2      | Found a runed translucent door.
  1173 | D:2      | Noticed Crazy Yiuf
  1784 | D:3      | Killed from afar by an orc wizard

Illustrated notes

Levels and vault maps discovered:
D:1:      heliophobic_arrival_enchanted_forest, layout_basic,
          hellmonk_ecumenical_altar_leap_of_faith, minmay_misc_feat_diagonals
D:2:      layout_loops_ring, uniq_crazy_yiuf_cottage
D:3:      layout_loops_cross, grunt_decor_mini_mirrors, columned_hall_lemuel,
          uniq_pargi, uniq_sigmund, uniq_robin

Skill      XL: |  1  2 |
---------------+-------+-----
Armour         | 4 |  4.5
Fighting       | 4 |  4.2
Shields        | 4 |  4.1
Long Blades    | |  2.6
Dodging        | |  0.4

Action                   || total
-------------------------++-------
Melee: Long sword        ||    66
       Headbutt          ||    10
  Use: Potion            ||     3
Armor: Scale mail        ||    36
Dodge: Dodged            ||    38
Block: Buckler           ||    17
